 Dungeon Sprint DCSS version 0.16.1-28-gcc2312f (webtiles) character file.

1 Kidiri the Firebug (level 1, 0/10 HPs)
             Began as a Deep Elf Fire Elementalist on May 28, 2015.
             Was an Initiate of Sif Muna.
             Slain by a river rat (4 damage)
             ... in the Dungeon (Sprint VII: "The Pits").
             The game lasted 00:00:50 (218 turns).

Kidiri the Firebug (Deep Elf Fire Elementalist)      Turns: 218, Time: 00:00:50

Health: 0/10       AC:  2    Str:  5    XL:     1   Next: 16%
Magic:  2/5        EV: 13    Int: 19    God:    Sif Muna [......]
Gold:   0          SH:  0    Dex: 15    Spells: 1 memorised, 5 levels left

rFire  . . .     SeeInvis .     m - staff of energy
rCold  . . .     Clarity  .     a - +0 robe
rNeg   . . .     SustAb   .     (no shield)
rPois  .         Gourm    .     (no helmet)
rElec  .         Spirit   .     (no cloak)
rCorr  .         Warding  .     (no gloves)
rMut   .         NoTele   +     (no boots)
MR     .....                    (no amulet)
Stlth  ++........               (no ring)
                                (no ring)

@: very slightly contaminated, not resistant to hostile enchantments, unstealthy
A: no striking features
a: Renounce Religion


You were in the Dungeon.
You worshipped Sif Muna.
Sif Muna was noncommittal.
You were not hungry.

You visited 1 branch

Inventory:

Armour
 a - a +0 robe (worn)
Magical staves
 m - an uncursed staff of energy (weapon)
Scrolls
 i - a scroll of blinking
Potions
 d - a potion of curing
 e - a potion of heal wounds
 f - a potion of haste
 g - 4 potions of magic
 h - 3 potions of berserk rage
 l - 2 potions of invisibility
Books
 b - a book of Flames

   Spells                             Type                      Level
   a - Flame Tongue                   Conjuration/Fire             1
   b - Throw Flame                    Conjuration/Fire             2
   c - Conjure Flame                  Conjuration/Fire             3
   d - Inner Flame                    Hexes/Fire                   3
   e - Sticky Flame                   Conjuration/Fire             4
   f - Fireball                       Conjuration/Fire             5
Comestibles
 c - 8 bread rations
 j - 40 fruits
 k - 7 meat rations


   Skills:
 + Level 0.1 Fighting
 + Level 2.7 Dodging
 + Level 2.5 Stealth
 * Level 3.3 Spellcasting
 * Level 1.3 Conjurations
 * Level 3.4 Fire Magic


You had 5 spell levels left.
You knew the following spells:

 Your Spells              Type           Power        Failure   Level  Hunger
a - Flame Tongue          Conj/Fire      ##...        8%          1    None


Dungeon Overview and Level Annotations

Branches:
Dungeon (1/1)

Altars:
Ashenzari
Cheibriados
Dithmenos
Elyvilon
Fedhas
Kikubaaqudgha
Makhleb
Nemelex Xobeh
Okawaru
Ru
Sif Muna
Trog
Vehumet
Xom
Yredelemnul
Zin
The Shining One
Beogh
Jiyva
Lugonu


Message History

Aim: a river rat You miscast Flame Tongue.
You are very lightly contaminated with residual magic.
Nothing appears to happen.
The river rat bites you.
Ouch! That really hurt!
Casting: Flame Tongue
Confirm with . or Enter, or press ? or * to list all spells.
Aiming: Flame Tongue
Press: ? - help, Shift-Dir - straight line, f/p - river rat
Aim: a river rat The flame tongue hits the river rat.
The river rat is almost dead.
The river rat barely misses you.
Casting: Flame Tongue
Confirm with . or Enter, or press ? or * to list all spells.
Aiming: Flame Tongue
Press: ? - help, Shift-Dir - straight line, f/p - river rat
Aim: a river rat (almost dead)
The flame tongue misses the river rat.
The river rat bites you.
You die...

############
#__________#
#__________#
#.#####'##############++
#)))'.'..##...........
#)))#.#?(##......#..#.
#######'#####...........
#......@....'...........
#+#####r#####......#..#.
... #........... #####
####'#####++ #.......#
#.......# #.......#
#...<...# #.......#


You could see a river rat.

Vanquished Creatures
  A ball python (D)
1 creature vanquished.

Notes
Turn   | Place    | Note
--------------------------------------------------------------
     0 | D        | Kidiri, the Deep Elf Fire Elementalist, began the quest for the Orb.
     0 | D        | Reached XP level 1. HP: 10/10 MP: 5/5
    27 | D        | Found a sacrificial altar of Ru.
    27 | D        | Found a basalt altar of Yredelemnul.
    27 | D        | Found a shadowy altar of Dithmenos.
    27 | D        | Found a deep blue altar of Sif Muna.
    27 | D        | Found a burning altar of Makhleb.
    27 | D        | Found a shimmering altar of Xom.
    27 | D        | Found an ancient bone altar of Kikubaaqudgha.
    27 | D        | Found a sparkling altar of Nemelex Xobeh.
    28 | D        | Found a glowing golden altar of the Shining One.
    28 | D        | Found a bloodstained altar of Trog.
    28 | D        | Found a shattered altar of Ashenzari.
    28 | D        | Found a white marble altar of Elyvilon.
    28 | D        | Found a snail-covered altar of Cheibriados.
    28 | D        | Found a blossoming altar of Fedhas.
    28 | D        | Found a radiant altar of Vehumet.
    28 | D        | Found a glowing silver altar of Zin.
    28 | D        | Found a corrupted altar of Lugonu.
    28 | D        | Found a viscous altar of Jiyva.
    28 | D        | Found a roughly hewn altar of Beogh.
    28 | D        | Found an iron altar of Okawaru.
    31 | D        | Became a worshipper of Sif Muna the Loreminder
   218 | D        | Slain by a river rat

Action                   || total
-------------------------++-------
Melee: Unarmed           ||     2
 Cast: Flame Tongue      ||     4
